 Dungeon Crawl Stone Soup version 0.16.1-18-g436b03c (webtiles) character file.

28977 Chiseanne the Blocker (level 13, -1/106 HPs)
             Began as a Formicid Fighter on Apr 24, 2015.
             Was an Initiate of Gozag.
             Slain by a seven-headed hydra (12 damage)
             ... on level 12 of the Dungeon on Apr 25, 2015.
             The game lasted 00:54:12 (17719 turns).

Chiseanne the Blocker (Formicid Fighter)           Turns: 17719, Time: 00:54:12

Health: -1/106     AC: 30    Str: 27    XL:     13   Next: 77%
Magic:  17/17      EV:  9    Int:  8    God:    Gozag
Gold:   2352       SH: 14    Dex: 13    Spells: 0 memorised, 12 levels left

rFire  . . .     SeeInvis +     d - +2 trident (protect)
rCold  . . .     Clarity  .     L - +2 chain mail {rPois}
rNeg   . . .     SustAb   .     R - +0 shield
rPois  +         Gourm    .     (helmet unavailable)
rElec  .         Spirit   .     J - +0 cloak
rCorr  +         Warding  .     I - +1 pair of gloves
rMut   .         Stasis   +     (no boots)
MR     +....                    K - amulet of resist corrosion
Stlth  ..........               j - +5 ring of strength
                                m - +3 ring of protection

@: somewhat resistant to hostile enchantments, extremely unstealthy
A: permanent stasis, dig shafts and tunnels, four strong arms, antennae 3, rough
black scales 1
a: Dig, Shaft Self, Potion Petition, Call Merchant, Bribe Branch, Renounce
Religion


You were on level 12 of the Dungeon.
You worshipped Gozag.
Gozag was noncommittal.
You were not hungry.

You visited 3 branches of the dungeon, and saw 17 of its levels.

You collected 4571 gold pieces.
You spent 2054 gold pieces at shops.
You paid 165 gold pieces to Gozag.

Inventory:

Hand weapons
 a - a +1 war axe of electrocution
 d - a +2 trident of protection (weapon)
 e - a +1 battleaxe of chopping
 n - a +0 battleaxe
 s - a +1 hand axe of venom
 u - a +1 flail of holy wrath
 D - a +0 broad axe
Missiles
 g - 460 bolts
 l - 32 poisoned needles
 o - 23 tomahawks (quivered)
 C - 3 poisoned tomahawks
 H - 3 throwing nets
 O - 5 steel tomahawks
 Q - 5 javelins
Armour
 z - the +0 chain mail of Absence {rElec}
   (You found it on level 7 of the Dungeon)

   It insulates you from electricity.
 F - a +0 pair of boots of flying
 G - the +0 pair of boots of Yreemise {+Inv rCorr}
   (You bought it in a shop on level 4 of the Orcish Mines)

   It lets you turn invisible.
   It protects you from acid and corrosion.
 I - a +1 pair of gloves (worn)
 J - a +0 cloak (worn)
 L - a +2 chain mail of poison resistance (worn)
 R - a +0 shield (worn)
Jewellery
 b - an uncursed ring of positive energy
 j - a +5 ring of strength (right hand)
 m - a +3 ring of protection (left hand)
 v - an uncursed ring of protection from magic
 y - an uncursed ring of sustain abilities
 K - an amulet of resist corrosion (around neck)
Scrolls
 r - a scroll of amnesia
 t - 2 scrolls of immolation
 x - 11 scrolls of identify
 E - 6 scrolls of remove curse
 N - a scroll of silence
Potions
 f - 2 potions of brilliance
 h - 2 potions of curing
 i - a potion of cancellation
 p - 2 potions of restore abilities
 q - a potion of flight
 M - a potion of cure mutation
Books
 A - a book of Cantrips

   Spells                             Type                      Level
   a - Corona                         Hexes                        1
   b - Animate Skeleton               Necromancy                   1
   c - Summon Small Mammal            Summoning                    1
   d - Apportation                    Translocation                1
 B - a book of Dreams

   Spells                             Type                      Level
   a - Ensorcelled Hibernation        Hexes/Ice                    2
   b - Flight                         Charms/Air                   3
   c - Phase Shift                    Translocation                5
   d - Shadow Creatures               Summoning                    5
   e - Mass Confusion                 Hexes                        6
   f - Darkness                       Hexes                        7
Comestibles
 k - 11 meat rations
 w - 6 bread rations
 P - a slice of pizza


   Skills:
 * Level 11.6 Fighting
 * Level 12.5 Axes
 * Level 11.4 Armour
 * Level 14.2 Shields


You had 12 spell levels left.
You didn't know any spells.

Dungeon Overview and Level Annotations

Branches:
Dungeon (12/15)            Temple (1/1) D:4            Lair (0/8) D:9
    Orc (4/4) D:11            Elf (0/3) Orc:3

Altars:
Ashenzari
Cheibriados
Dithmenos
Elyvilon
Fedhas
Gozag
Kikubaaqudgha
Makhleb
Nemelex Xobeh
Okawaru
Qazlal
Ru
Sif Muna
Trog
Vehumet
Xom
Yredelemnul
Zin
The Shining One
Beogh

Shops:
Orc:1 }   Orc:4 [[*(


Innate Abilities, Weirdness & Mutations

You are under a permanent stasis effect.
You can dig through walls and to a lower floor.
Your four strong arms can wield two-handed weapons with a shield.
You have a pair of large antennae on your head (SInv).
You are partially covered in rough black scales (AC +4, Dex -1).


Message History

The seven-headed hydra bites you!
* * * LOW HITPOINT WARNING * * *
The seven-headed hydra barely misses you.
You barely miss the seven-headed hydra.
The seven-headed hydra is almost dead.
You block the seven-headed hydra's attack.
The seven-headed hydra bites you but does no damage.
The seven-headed hydra bites you.
* * * LOW HITPOINT WARNING * * *
The seven-headed hydra closely misses you.
You block the seven-headed hydra's attack.
The seven-headed hydra bites you but does no damage.
The seven-headed hydra bites you.
* * * LOW HITPOINT WARNING * * *
You barely miss the seven-headed hydra.
The seven-headed hydra is almost dead.
You block the seven-headed hydra's attack.
The seven-headed hydra bites you!
You die...
Your body crumbles into a pile of gold.

############
#
#........!@#
#
#.########D#
### #.# #.#
..# #.# #.#
#.# #.# #.#
#.#####.#
#.#
........#
#.#
#(#######
#.# #.# #.#


You could see a seven-headed hydra.

Vanquished Creatures
  Gastronok (Orc:2)
  A hydra (D:11)
  An orc high priest (Orc:3)
  Urug (D:12)
  Nergalle (D:11)
  An unseen horror (D:12)
  Erolcha (D:11)
  3 orc knights
  5 hill giants
  An orc sorcerer (Orc:3)
  3 ugly things
  3 centaur zombies
  2 gargoyles (D:11)
  Psyche (D:9)
  5 trolls
  Grinder (D:3)
  5 slime creatures (D:11)
  Prince Ribbit (D:6)
  A two-headed ogre (Orc:3)
  A deep elf mage (D:7)
  A trapdoor spider (D:8)
  A spriggan (D:10)
  5 yaks (D:12)
  A vampire (D:8)
  Eustachio (D:9)
  A wolf (D:9)
  2 hungry ghosts (D:11)
  A steam dragon (D:11)
  2 wargs (Orc:3)
  A mottled dragon (D:12)
  2 hippogriffs
  Menkaure (D:5)
  4 phantoms
  4 sky beasts
  39 orc warriors
  A necrophage (D:11)
  17 centaurs
  An eye of draining (D:11)
  A crocodile (D:11)
  3 ice beasts
  11 ogres
  Duvessa (D:5)
  3 big kobolds
  A wyvern zombie (D:12)
  6 giant frogs
  A wyvern skeleton (D:11)
  10 killer bees
  4 scorpions
  3 troll zombies (D:11)
  2 electric eels (D:9)
  5 crimson imps
  Dowan (D:5)
  3 giant frog zombies
  2 goliath beetles
  4 wights (D:10)
  2 quasits
  17 orc priests
  14 hounds
  5 jellies
  33 orc wizards
  4 giant frog skeletons
  10 worker ants
  2 centaur skeletons
  3 iguanas
  Natasha (D:6)
  3 ogre zombies (D:11)
  4 hound skeletons
  2 mummies
  Robin (D:3)
  A gnoll (D:7)
  A worker ant zombie (D:5)
  8 adders
  A river rat (Orc:2)
  10 shadow imps
  8 giant mites
  A worm (D:2)
  An adder zombie (D:7)
  10 giant geckos
  178 orcs
  A bat skeleton (D:4)
  10 giant cockroaches
  38 goblins
  25 hobgoblins
  9 jackals
  18 kobolds
  3 quokkas
  3 ball pythons
  13 bats
  4 giant newts
  2 hobgoblin skeletons (D:11)
  3 hobgoblin zombies (D:11)
  An orc skeleton (D:11)
  12 orc zombies (D:11)
  A quokka skeleton (D:6)
  2 quokka zombies
  17 rats
  A spectral orc (D:11)
  6 ballistomycetes
674 creatures vanquished.

Vanquished Creatures (others)
  2 orc warriors (Orc:4)
  A centaur (Orc:4)
  An orc (Orc:4)
  3 giant spores
7 creatures vanquished.

Grand Total: 681 creatures vanquished

Notes
Turn   | Place    | Note
--------------------------------------------------------------
     0 | D:1      | Chiseanne, the Formicid Fighter, began the quest for the Orb.
     0 | D:1      | Reached XP level 1. HP: 18/18 MP: 1/1
   108 | D:1      | Reached XP level 2. HP: 21/24 MP: 3/3
   288 | D:1      | Reached skill level 4 in Shields
   288 | D:1      | Reached XP level 3. HP: 27/29 MP: 4/4
  1038 | D:2      | Reached XP level 4. HP: 37/37 MP: 5/5
  1372 | D:2      | Found a shimmering altar of Xom.
  1752 | D:3      | Noticed an ogre
  1758 | D:3      | Killed an ogre
  1758 | D:3      | Reached XP level 5. HP: 32/42 MP: 7/7
  2173 | D:3      | Noticed Robin
  2183 | D:3      | Killed Robin
  2183 | D:3      | Reached XP level 6. HP: 42/49 MP: 8/8
  2234 | D:3      | Noticed Grinder
  2251 | D:3      | Killed Grinder
  2251 | D:3      | Reached skill level 5 in Shields
  2251 | D:3      | Reached XP level 7. HP: 14/55 MP: 9/9
  2805 | D:4      | Got an ancient scimitar
  2947 | D:4      | Reached skill level 5 in Fighting
  3090 | D:4      | Found a staircase to the Ecumenical Temple.
  3108 | D:4      | Reached skill level 5 in Armour
  3358 | Temple   | Entered the Ecumenical Temple
  3663 | D:5      | Entered Level 5 of the Dungeon
  3675 | D:5      | Reached skill level 5 in Axes
  3675 | D:5      | Reached XP level 8. HP: 37/63 MP: 11/11
  3825 | D:5      | Reached skill level 6 in Shields
  4349 | D:5      | Noticed Dowan
  4357 | D:5      | Noticed Duvessa
  4365 | D:5      | Killed Duvessa
  4372 | D:5      | Killed Dowan
  4488 | D:5      | Noticed Menkaure
  4500 | D:5      | Killed Menkaure
  4916 | D:6      | Reached XP level 9. HP: 71/71 MP: 12/12
  4931 | D:6      | Reached skill level 7 in Shields
  5438 | D:6      | Noticed Prince Ribbit
  5470 | D:6      | Killed Prince Ribbit
  5554 | D:6      | Found a runed door.
  5579 | D:6      | Reached skill level 8 in Shields
  5707 | D:6      | Found a runed door.
  5977 | D:6      | Noticed Natasha
  5984 | D:6      | Killed Natasha
  6309 | D:7      | Got a fine chain mail
  6320 | D:7      | Identified the +0 chain mail of Absence {rElec} (You found it on level 7 of the Dungeon)
  6539 | D:7      | Reached XP level 10. HP: 61/79 MP: 13/13
  7189 | D:8      | Reached skill level 9 in Shields
  7257 | D:8      | Noticed a cyan ugly thing
  7262 | D:8      | Gained mutation: You are partially covered in rough black scales (AC +4, Dex -1). [potion of beneficial mutation]
  7296 | D:8      | Killed a cyan ugly thing
  7730 | D:8      | Found a sacrificial altar of Ru.
  7774 | D:8      | Identified the cursed +1 scimitar of Causality {slice, Int-4 Dex+6} (You found it on level 4 of the Dungeon)
  7824 | D:8      | Reached skill level 10 in Shields
  7855 | D:8      | Found a radiant altar of Vehumet.
  8080 | D:8      | Found an opulent altar of Gozag.
  8089 | D:8      | Became a worshipper of Gozag Ym Sagoz the Greedy
  8315 | D:9      | Found a staircase to the Lair.
  8442 | D:9      | Reached XP level 11. HP: 73/87 MP: 15/15
  8672 | D:9      | Noticed Eustachio
  8700 | D:9      | Killed Eustachio
  8754 | D:9      | Noticed Psyche
  8764 | D:9      | Killed Psyche
  9043 | D:9      | Found a burning altar of Makhleb.
  9056 | D:9      | Found a basalt altar of Yredelemnul.
  9057 | D:9      | Found an iron altar of Okawaru.
  9062 | D:9      | Found a sparkling altar of Nemelex Xobeh.
  9294 | D:10     | Entered Level 10 of the Dungeon
  9311 | D:10     | Noticed a hill giant
  9324 | D:10     | Killed a hill giant
  9324 | D:10     | Reached skill level 11 in Shields
  9693 | D:10     | Noticed a hill giant
  9707 | D:10     | Killed a hill giant
 10122 | D:10     | Found an iron altar of Okawaru.
 10332 | D:11     | Noticed a brown ugly thing
 10348 | D:11     | Killed a brown ugly thing
 10555 | D:11     | Reached skill level 10 in Axes
 10809 | D:11     | Noticed Erolcha
 10820 | D:11     | Killed Erolcha
 10820 | D:11     | Reached skill level 12 in Shields
 11044 | D:11     | Reached skill level 10 in Armour
 11044 | D:11     | Reached XP level 12. HP: 47/96 MP: 16/16
 11220 | D:11     | Noticed a hill giant
 11233 | D:11     | Killed a hill giant
 11453 | D:11     | Noticed Nergalle
 11472 | D:11     | Killed Nergalle
 11473 | D:11     | Found a staircase to the Orcish Mines.
 11710 | D:11     | Noticed a cyan ugly thing
 11724 | D:11     | Reached skill level 10 in Fighting
 11750 | D:11     | Killed a cyan ugly thing
 12280 | D:11     | Noticed a four-headed hydra
 12291 | D:11     | Killed a four-headed hydra
 12539 | Orc:1    | Entered Level 1 of the Orcish Mines
 12651 | Orc:1    | Found Xaazid's Gadget Shoppe.
 13183 | Orc:2    | Noticed Gastronok
 13207 | Orc:2    | Killed Gastronok
 13207 | Orc:2    | Reached skill level 13 in Shields
 13640 | Orc:2    | Found a radiant altar of Vehumet.
 13910 | Orc:3    | Found a staircase to the Elven Halls.
 14100 | Orc:3    | Reached XP level 13. HP: 66/104 MP: 17/17
 14108 | Orc:3    | You fall through a shaft!
 14108 | Orc:4    | Entered Level 4 of the Orcish Mines
 14440 | Orc:4    | Found Thricrul's Weapon Boutique.
 14681 | Orc:3    | Found a roughly hewn altar of Beogh.
 14936 | Orc:3    | HP: 2/104 [two-headed ogre/giant club (12)]
 16597 | Orc:4    | Found Waex's Armour Shoppe.
 16597 | Orc:4    | Found Shrykk's Magic Scroll Boutique.
 16658 | Orc:4    | Found Shofe's General Store.
 16660 | Orc:4    | Found Ohuipp's Armour Emporium.
 16672 | Orc:4    | Bought a +0 pair of boots of flying for 115 gold pieces
 16672 | Orc:4    | Bought the +0 pair of boots of Yreemise {+Inv rCorr} for 241 gold pieces
 16674 | Orc:4    | Bought a +0 cloak for 54 gold pieces
 16680 | Orc:4    | Bought a scroll of vulnerability for 105 gold pieces
 16680 | Orc:4    | Bought a scroll of silence for 105 gold pieces
 16680 | Orc:4    | Bought a scroll of noise for 14 gold pieces
 16680 | Orc:4    | Bought a scroll of enchant armour for 105 gold pieces
 16680 | Orc:4    | Bought a scroll of identify for 28 gold pieces
 16680 | Orc:4    | Bought a scroll of immolation for 49 gold pieces
 16680 | Orc:4    | Bought a scroll of identify for 28 gold pieces
 16680 | Orc:4    | Bought a scroll of identify for 28 gold pieces
 16680 | Orc:4    | Bought a scroll of identify for 28 gold pieces
 16680 | Orc:4    | Bought a scroll of brand weapon for 280 gold pieces
 16680 | Orc:4    | Bought a scroll of remove curse for 42 gold pieces
 16680 | Orc:4    | Bought a scroll of remove curse for 42 gold pieces
 16685 | Orc:4    | Bought a potion of cure mutation for 595 gold pieces
 16685 | Orc:4    | Bought a scroll of identify for 34 gold pieces
 16685 | Orc:4    | Bought a scroll of enchant armour for 127 gold pieces
 16685 | Orc:4    | Bought a scroll of identify for 34 gold pieces
 16856 | Orc:3    | Reached skill level 14 in Shields
 17545 | D:12     | Noticed Urug
 17550 | D:12     | Killed Urug
 17719 | D:12     | Slain by a seven-headed hydra

Action                   |  1- 3 |  4- 6 |  7- 9 | 10-12 | 13-15 || total
-------------------------+-------+-------+-------+-------+-------++-------
Melee: War axe           |    81 |    81 |   386 |   105 |   265 ||   918
       Unarmed           |       |       |     1 |       |       ||     1
       Hand axe          |       |       |       |   867 |   141 ||  1008
       Trident           |       |       |       |     7 |    17 ||    24
       Battleaxe         |       |       |       |       |     6 ||     6
Throw: Tomahawk          |       |     1 |     3 |     7 |     5 ||    16
Invok: Potion Petition   |       |       |       |       |     1 ||     1
 Abil: Dig               |     1 |       |    28 |    33 |    12 ||    74
       Shaft Self        |       |       |       |       |     1 ||     1
Evoke: Wand              |       |       |     1 |     6 |       ||     7
  Use: Scroll            |     2 |     4 |     8 |     6 |     4 ||    24
       Potion            |       |     1 |     1 |    13 |     1 ||    16
 Stab: Invisible         |       |       |       |     8 |     7 ||    15
       Distracted        |       |       |       |       |     3 ||     3
  Eat: Chunk             |       |     4 |    14 |     6 |       ||    24
       Royal jelly       |       |       |     2 |     3 |       ||     5
       Fruit             |       |       |       |     7 |       ||     7
       Beef jerky        |       |       |       |     3 |       ||     3
       Pizza             |       |       |       |     2 |       ||     2
       Bread ration      |       |       |       |     1 |     3 ||     4
